 Dungeon Crawl Stone Soup version 0.29.1-14-g9c671dbff4 (webtiles) character file.

Game seed: 1451035429771307716

2 Ast3rio the Trooper (level 1, 0/20 HPs)
             Began as a Hill Orc Fighter on Feb 16, 2023.
             Slain by a kobold
             ... wielding a +0 club
              (2 damage)
             ... on level 1 of the Dungeon.
             The game lasted 00:00:08 (47 turns).

Ast3rio the Trooper (Hill Orc Fighter)                Turns: 47, Time: 00:00:08

Health: 0/20       AC:  6    Str: 18    XL:     1   Next: 40%
Magic:  1/1        EV:  9    Int:  8    God:
Gold:   0          SH:  4    Dex: 10    Spells: 0/0 levels left

rFire   . . .      SeeInvis .   a - +0 flail
rCold   . . .      Faith    .   c - +0 buckler
rNeg    . . .      Spirit   .   b - +0 scale mail
rPois   .          Reflect  .   (no helmet)
rElec   .          Harm     .   (no cloak)
rCorr   .          Rampage  .   (no gloves)
Will    .....                   (no boots)
Stlth   ..........              (no amulet)
HPRegen 0.06/turn               (no ring)
MPRegen 0.07/turn               (no ring)

@: no status effects
A: no striking features
a: no special abilities


You were on level 1 of the Dungeon.
You visited 1 branch of the dungeon, and saw 1 of its levels.

Inventory:

Hand Weapons
 a - a +0 flail (weapon)
Armour
 b - a +0 scale mail (worn)
 c - a +0 buckler (worn)
Scrolls
 e - a scroll of enchant armour {unknown}
Potions
 d - a potion of might


   Skills:
 + Level 3.7 Fighting
 + Level 2.1 Maces & Flails
 + Level 3.2 Armour
 + Level 3.4 Shields


You couldn't memorise any spells.
You didn't know any spells.
Your spell library was empty.

Dungeon Overview and Level Annotations

Branches:
Dungeon (1/15)

Altars:


Message History

The giant cockroach is moderately wounded.
The giant cockroach bites you but does no damage.
The hobgoblin hits you. The kobold hits you with a +0 club.
The giant cockroach bites you but does no damage.
The kobold hits you but does no damage. The hobgoblin barely misses you.
You hit the giant cockroach.
The giant cockroach is almost dead.
The giant cockroach bites you but does no damage.
The hobgoblin hits you but does no damage.
The kobold closely misses you.
You closely miss the giant cockroach.
The giant cockroach is almost dead.
The giant cockroach closely misses you.
The hobgoblin hits you but does no damage.
The kobold hits you but does no damage. You block the giant cockroach's attack.
You hit the giant cockroach.
You kill the giant cockroach!
You block the hobgoblin's attack. The kobold hits you with a +0 club.
The hobgoblin hits you. The kobold closely misses you. The hobgoblin hits you.
You block the kobold's attack.
You see here a giant cockroach corpse.
The hobgoblin attacks as you move away! You block the hobgoblin's attack.
The kobold hits you with a +0 club. The hobgoblin attacks as you move away!
The hobgoblin hits you.
* * * LOW HITPOINT WARNING * * *
The kobold attacks as you move away! The kobold hits you with a +0 club.
* * * LOW HITPOINT WARNING * * *
The kobold throws a stone.
The stone barely misses you.
You closely miss the hobgoblin.
The hobgoblin hits you but does no damage.
You hit the hobgoblin but do no damage. The kobold hits you but does no damage.
The hobgoblin hits you but does no damage.
You sock the hobgoblin!
You kill the hobgoblin!
The kobold hits you but does no damage. You block the kobold's attack.
You block the kobold's attack.
You see here a hobgoblin corpse.
The kobold barely misses you. The kobold attacks as you move away!
The kobold hits you with a +0 club.
You die...

##. #... #.. #.. ##..
#.# #...#####.######
#.#............##
#...............#
#......?.........
###........†.......
##..........@......?
...#........†K...... #
.................... .
#.#..>...........[.
.#####.###.............#
....##.#........#.....##
.......#.######.#######
...#.....# #...
♣.♣#.##..# ###..


You could see a kobold.

Vanquished Creatures
  A giant cockroach (D:1)
  A hobgoblin (D:1)
2 creatures vanquished.

Notes
Turn   | Place    | Note
-------+----------+-------------------------------------------
     0 | D:1      | Ast3rio the Hill Orc Fighter began the quest for the Orb.
     0 | D:1      | Reached XP level 1. HP: 19/19 MP: 1/1
    47 | D:1      | Slain by a kobold

Illustrated notes

Levels and vault maps discovered:
D:1:      eino_arrival_tree_alley, layout_rooms, minmay_pentomino_v2

Action                   || total
-------------------------++-------
Melee: Flail             ||    10
Armor: Scale mail        ||    13
Dodge: Dodged            ||    10
Block: Buckler           ||     7
